 Dungeon Crawl Stone Soup version 0.29.1-1-gd02db6906a (webtiles) character file.

Game seed: 8455350618765033242

40 Hadkhar the Ducker (level 3, -10/31 HPs)
             Began as a Naga Wanderer on Oct 9, 2022.
             Killed from afar by Ijyb (13 damage)
             ... with a bolt of acid
             ... on level 3 of the Dungeon.
             The game lasted 00:12:04 (1569 turns).

Hadkhar the Ducker (Naga Wanderer)                  Turns: 1569, Time: 00:12:05

Health: -10/31     AC:  0    Str: 13    XL:     3   Next: 50%
Magic:  3/3        EV: 10    Int:  9    God:
Gold:   64         SH:  5    Dex: 16    Spells: 2/2 levels left

rFire   . . .      SeeInvis +   h - +0 hand axe
rCold   + . .      Faith    .   c - +0 buckler
rNeg    . . .      Spirit   .   b - +2 leather armour
rPois   +          Reflect  .   (no helmet)
rElec   .          Harm     .   (no cloak)
rCorr   .          Rampage  .   (no gloves)
Will    .....                   (no barding)
Stlth   ++........              (no amulet)
HPRegen 0.10/turn               i - ring of protection from cold
MPRegen 0.08/turn               (no ring)

@: short of breath, corroded, very slow
A: AC +1, large, see invisible, deformed body, poison resistance, slowness 2,
spit poison 1, naga tail 1
a: Spit Poison


You were on level 3 of the Dungeon.
You visited 1 branch of the dungeon, and saw 3 of its levels.

You collected 64 gold pieces.

Inventory:

Hand Weapons
 h - a +0 hand axe (weapon)
 j - a -1 vorpal spear
Missiles
 e - 7 poisoned darts
Armour
 b - a +2 leather armour (worn)
 c - a +0 buckler (worn)
Jewellery
 i - a ring of protection from cold (left hand)
Scrolls
 a - a scroll of noise {unknown}
 m - a scroll of enchant armour {unknown}
 n - 2 scrolls of amnesia
Potions
 f - 5 potions of curing {unknown}
 g - a potion of attraction {unknown}
 k - a potion of might {unknown}
 l - a potion of brilliance {unknown}


   Skills:
 + Level 1.3 Fighting
 - Level 1.0 Short Blades
 + Level 1.1 Axes
 - Level 1.0 Armour
 - Level 3.2 Dodging
 + Level 2.9 Stealth
 + Level 3.1 Shields


You had 2 spell levels left.
You didn't know any spells.
Your spell library was empty.

Dungeon Overview and Level Annotations

Branches:
Dungeon (2/15)

Altars:

Annotations:
D:2 Natasha, Sigmund
D:3 Ijyb


Innate Abilities, Weirdness & Mutations

Your serpentine skin is tough. (AC +1)
You have supernaturally acute eyesight. (SInv)
Armour fits poorly on your strangely shaped body.
Your system is resistant to poisons. (rPois)
You cover ground very slowly.
You can spit poison.
You have a snake-like lower body.


Message History

Sigmund the Dreaded comes into view.
He is wielding a +0 scythe.
Sigmund shouts!
Natasha, Servant of Life and Death comes into view.
Sigmund hits you but does no damage. Sigmund gestures at you while chanting.
The magic dart hits you!
Sigmund's eyes start glowing with a red light.
Sigmund gestures at you while chanting. The puff of flame hits you!
As you read the scroll of fog, it crumbles to dust.
The scroll dissolves into smoke.
You block Sigmund's attack.
Sigmund hits you from afar with a +0 scythe!
* * * LOW HITPOINT WARNING * * *
Sigmund closely misses you. Sigmund casts a spell at you.
You resist with some effort.
There is a shaft here.
You fall into a shaft and drop 1 floor!
The shaft crumbles and collapses.
Found 6 stones.
You start resting.
HP restored.
You open the door.
There is an open door here.
Why would you want to do that?
Found 6 stones.
Ijyb the Twisted Goblin comes into view.
She is wielding a +0 club and carrying a wand of acid (7).
Ijyb zaps a wand.
The bolt of acid hits you!
Aiming: Spit Poison (2% risk of failure)
Press: ? - help, Q - select action, (/) - cycle Shift-Dir - straight line, f - Ijyb
Aim: Ijyb, wielding a +0 club, wearing a +0 ring mail and carrying a wand of acid (6) (54% to hit)
The splash of poison misses Ijyb.
Ijyb zaps a wand.
The bolt of acid hits you!
Ouch! That really hurt!
* * * LOW HITPOINT WARNING * * *
The acid corrodes you!
As you read the scroll labelled ECASSO TOKKA, it crumbles to dust.
It is a scroll of amnesia.
You feel forgetful for a moment.
Ijyb zaps a wand.
The bolt of acid hits you!
You die...

#.# ### #.## #..
.(. #.# #.# #
#.#####.##.# ###
####.##.......#
#.. ..#.......##
(... #.#......@.#
#.##.##.#.###+##.#
#.##.......#≈≈≈#g#
#.#####.#..+≈≈≈+.#
#.#####.#.##≈≈≈###
#.......#..##'#
##########....#
######


You could see Ijyb.

Vanquished Creatures
  An adder (D:2)
  A worm (D:2)
  3 endoplasms
  A giant cockroach (D:1)
  4 goblins
  2 hobgoblins (D:2)
  2 ball pythons (D:1)
  5 bats
  2 frilled lizards (D:1)
  2 kobolds
  4 rats (D:1)
27 creatures vanquished.

Notes
Turn   | Place    | Note
-------+----------+-------------------------------------------
     0 | D:1      | Hadkhar the Naga Wanderer began the quest for the Orb.
     0 | D:1      | Hadkhar set off with the following items: a +0 short sword,
                  | a +2 leather armour, a +0 buckler, a scroll of fog.
     0 | D:1      | Reached XP level 1. HP: 15/15 MP: 1/1
   460 | D:1      | Reached XP level 2. HP: 24/24 MP: 2/2
   797 | D:1      | Reached skill level 1 in Fighting
   828 | D:1      | Found a faded altar of an unknown god.
   980 | D:2      | Reached XP level 3. HP: 30/31 MP: 3/3
   987 | D:2      | Reached skill level 1 in Axes
  1277 | D:2      | Noticed Sigmund
  1277 | D:2      | Noticed Natasha
  1302 | D:2      | You fall into a shaft and drop 1 floor!
  1567 | D:3      | Noticed Ijyb
  1569 | D:3      | Killed from afar by Ijyb

Illustrated notes

Levels and vault maps discovered:
D:1:      wander_arrival_estate, layout_loops_ring,
          ebering_ecumenical_altar_rust
D:2:      layout_basic, uniq_sigmund, uniq_natasha
D:3:      layout_loops_cross, lemuel_crystal_altar,
          mainiacjoe_overflow_catwalk_spiral, serial_shops, shop,
          minmay_liquid_box, minmay_misc_feat_pillars, grunt_ministairs_10,
          uniq_ijyb, uniq_robin

Skill      XL: |  1  2  3 |
---------------+----------+-----
Stealth        | 2 |  2.9
Fighting       | 1 |  1.3
Shields        | 3 |  3.1
Axes           | 1 |  1.1
Short Blades   | |  1.0
Armour         | |  1.0
Dodging        | |  3.2

Action                   || total
-------------------------++-------
Melee: Short sword       ||     8
       Hand axe          ||    32
       Spear             ||     1
 Abil: Spit Poison       ||    27
  Use: Scroll            ||     2
Armor: Leather armour    ||    16
Dodge: Dodged            ||    15
Block: Buckler           ||     9
